Map: Ever Dream LE

Players

Xerxes

  • Race: Protoss Protoss
  • League: Diamond
  • Spawn Location: 1:00

prospeKt - Winner!

  • Race: Zerg Zerg
  • League: Platinum
  • Spawn Location: 7:00

VOD

Have the link to the VOD?

Description

Time

  • Played on: June 11, 2020, 9:15 a.m.
  • Length: 17:34
Show
View Real Time Build Order
Export as new Build Order

Xerxes Protoss 

Build Orders: 1 Gate Expand, Archon Immortal 

Get SALT Encoding   

  12  0:01  Probe  
  13  0:13  Probe  
  14  0:22  Pylon  
  14  0:25  Probe  
  15  0:40  Probe  
  15  0:41  Gateway  
  15  0:48  Probe  
  15  0:49  Assimilator  
  17  0:58  Probe  
  18  1:10  Probe  
  19  1:22  Probe  
  20  1:28  Nexus  
  20  1:38  Cybernetics Core  
  20  1:40  Probe  
  20  1:44  Assimilator  
  21  1:56  Pylon  
  21  1:59  Probe  
  22  2:04  Adept  
  24  2:22  Warp Gate, Twilight Council  
  24  2:24  Probe  
  24  2:25  Stalker  
  25  2:36  Probe  
  28  2:39  Probe  
  29  2:48  Probe  
  30  2:55  Gateway  
  30  2:59  Probe  
  31  3:06  Gateway  
  31  3:07  Robotics Facility  
  31  3:13  Pylon  
  31  3:17  Resonating Glaives  
  31  3:31  Probe x2  
  33  3:34  Assimilator  
  33  3:36  Assimilator  
  33  3:41  Pylon  
  33  3:43  Probe  
  33  3:44  Probe  
  33  3:46  Gateway  
  35  3:52  Gateway, Warp Prism  
  37  4:04  Probe  
  37  4:06  Probe  
  39  4:13  Adept x2  
  43  4:17  Adept  
  45  4:26  Probe x2  
  47  4:34  Pylon  
  47  4:38  Probe x2  
  49  5:00  Probe x2  
  51  5:10  Pylon  
  51  5:13  Dark Shrine  
  51  5:17  Adept x3  
  51  5:18  Adept x2  
  61  5:46  Adept  
  61  5:47  Adept x4  
  51  6:14  Immortal  
  49  6:44  Probe  
  49  6:45  Probe, Immortal  
  49  6:52  Dark Templar  
  49  6:53  Dark Templar x2  
  59  6:57  Probe x2  
  61  7:02  Dark Templar  
  63  7:09  Probe x2  
  63  7:15  Immortal  
  65  7:21  Dark Templar  
  71  7:30  Shield Battery  
  71  7:45  Dark Templar  
  71  7:46  Dark Templar  
  75  7:52  Archon  
  75  7:54  Archon  
  75  8:08  Gateway  
  75  8:10  Gateway  
  75  8:12  Gateway  
  75  8:15  Pylon  
  75  8:17  Pylon  
  75  8:21  Nexus  
  75  8:24  Pylon  
  75  8:27  Pylon  
  75  8:48  Observer  
  71  8:49  Archon  
  71  8:50  Dark Templar  
  71  8:51  Dark Templar, Charge  
  71  8:52  Dark Templar  
  78  9:01  Forge  
  78  9:03  Forge, Zealot  
  78  9:04  Zealot x2  
  78  9:06  Immortal  
  88  9:10  Archon  
  88  9:11  Archon  
  88  9:17  Probe  
  88  9:22  Shield Battery  
  88  9:24  Shield Battery  
  89  9:26  Gateway  
  89  9:27  Gateway  
  89  9:28  Probe  
  89  9:29  Probe, Gateway  
  91  9:31  Zealot  
  91  9:32  Zealot x2  
  91  9:33  Protoss Ground Weapons Level 1, Zealot x4  
  91  9:34  Zealot  
  91  9:38  Protoss Ground Armor Level 1  
  107  9:42  Immortal  
  107  9:44  Probe x3  
  114  9:56  Probe x2  
  116  10:06  Zealot x2  
  116  10:07  Zealot  
  122  10:08  Zealot  
  124  10:16  Pylon  
  124  10:23  Assimilator  
  124  10:24  Nexus  
  124  10:26  Pylon  
  124  10:28  Assimilator  
  124  10:30  Pylon  
  124  10:31  Pylon  
  124  10:32  Pylon  
  124  10:34  Pylon  
  114  10:59  Robotics Bay  
  114  11:00  Robotics Facility  
  114  11:02  Templar Archives  
  114  11:16  Zealot x2  
  114  11:17  Zealot x6  
  130  11:20  Dark Templar x2  
  134  11:25  Archon  
  134  11:47  Zealot x4  
  134  11:48  Zealot x5  
  152  12:00  Zealot x2  
  124  12:13  Zealot x4  
  124  12:14  Zealot x2  
  108  12:34  Zealot x3  
  108  12:35  Zealot x5  
  98  12:49  Colossus  
  96  12:55  Dark Templar x4  
  96  12:57  Zealot  
  105  12:59  Archon  
  105  13:00  Archon  
  75  13:25  Dark Templar x4  
  83  13:28  Zealot x4, Extended Thermal Lance  
  83  13:29  Colossus x2  
  83  13:32  Psionic Storm, Archon x2  
  91  13:39  Protoss Ground Armor Level 2, Protoss Ground Weapons Level 2  
  91  13:47  Probe  
  104  13:58  High Templar  
  104  14:00  Zealot x3  
  112  14:16  Colossus  
  112  14:23  Assimilator  
  118  14:26  Assimilator  
  118  14:33  High Templar  
  120  14:56  Zealot x5  
  120  14:57  Zealot  
  132  15:02  Nexus  
  132  15:05  Pylon  
  132  15:07  Probe  
  132  15:08  Pylon  
  132  15:09  Pylon  
  131  15:30  Dark Templar x3  
  131  15:31  Dark Templar  
  138  15:51  Archon x2  
  65  16:17  Observer  
  61  16:20  High Templar  
  61  16:21  High Templar x5  
  73  16:35  Observer  
  15  17:17  Zealot x6  
Show
View Real Time Build Order
Export as new Build Order

prospeKt Zerg - Winner!

Build Orders: Hatch First, Lurkers, Roach Hydra 

Get SALT Encoding   

  12  0:00  Drone  
  13  0:12  Overlord  
  13  0:18  Drone  
  14  0:31  Drone x2  
  14  0:34  Drone  
  17  0:52  Hatchery  
  17  0:56  Drone  
  17  0:59  Drone  
  18  1:08  Drone  
  19  1:16  Spawning Pool  
  18  1:18  Drone  
  19  1:28  Drone, Extractor  
  19  1:45  Drone  
  20  1:51  Overlord  
  20  2:02  Drone  
  20  2:07  Queen x2  
  26  2:08  Drone  
  26  2:12  Drone  
  26  2:15  Drone  
  28  2:24  Drone  
  29  2:32  Overlord  
  29  2:35  Drone  
  30  2:40  Drone  
  30  2:43  Lair, Queen  
  33  2:45  Drone  
  33  2:50  Overlord  
  34  2:54  Drone  
  34  2:58  Drone  
  36  3:06  Drone  
  36  3:09  Drone  
  38  3:15  Drone  
  38  3:17  Drone x3  
  38  3:19  Drone x2  
  44  3:22  Hatchery  
  44  3:25  Drone x2  
  45  3:31  Drone x2  
  47  3:37  Extractor  
  47  3:40  Roach Warren, Drone  
  46  3:41  Evolution Chamber, Extractor  
  46  3:43  Overlord  
  44  3:55  Drone x4  
  48  3:56  Drone x4  
  52  4:05  Drone  
  53  4:21  Roach  
  53  4:22  Roach x2  
  59  4:24  Overlord x2  
  59  4:25  Drone  
  59  4:28  Overseer  
  60  4:33  Glial Reconstitution  
  60  4:35  Zerg Missile Weapons Level 1  
  60  4:38  Drone x6  
  66  4:49  Roach x2  
  70  4:54  Roach x2  
  70  4:58  Drone  
  75  5:01  Roach  
  75  5:02  Roach  
  75  5:03  Drone x3  
  75  5:04  Overlord, Extractor  
  75  5:05  Overlord  
  75  5:06  Extractor  
  80  5:11  Drone x2  
  82  5:25  Drone  
  82  5:26  Drone x3  
  82  5:44  Drone x9  
  83  5:54  Roach x3  
  87  5:57  Spine Crawler  
  87  5:58  Spore Crawler  
  87  5:59  Spine Crawler  
  87  6:00  Spore Crawler  
  87  6:03  Spine Crawler x2  
  78  6:05  Spine Crawler  
  78  6:06  Spine Crawler, Spore Crawler  
  70  6:22  Drone x8  
  74  6:35  Drone x3  
  74  6:39  Drone x3  
  80  6:46  Drone x3  
  83  6:54  Spine Crawler  
  83  6:59  Drone x4  
  86  7:14  Drone  
  86  7:15  Drone x2  
  89  7:20  Queen  
  89  7:22  Queen  
  93  7:37  Hatchery  
  93  7:39  Hydralisk Den  
  93  7:41  Evolution Chamber  
  90  7:49  Drone x5  
  90  7:51  Drone x3  
  98  7:52  Overlord x4  
  98  8:14  Grooved Spines  
  98  8:15  Zerg Ground Armor Level 1  
  98  8:18  Hydralisk x6  
  98  8:19  Hydralisk x2  
  114  8:20  Infestation Pit  
  114  8:24  Extractor  
  112  8:34  Hydralisk x3  
  112  8:35  Hydralisk x3  
  112  8:36  Overlord  
  122  9:01  Drone x12  
  134  9:08  Zerg Missile Weapons Level 2  
  134  9:10  Hive  
  134  9:14  Lurker Den  
  133  9:21  Overseer  
  133  9:25  Muscular Augments, Drone x3  
  133  9:26  Overlord x5  
  133  9:28  Overlord  
  136  9:32  Spine Crawler  
  136  9:33  Spore Crawler  
  136  9:34  Spine Crawler  
  133  9:43  Hydralisk  
  133  9:44  Hatchery, Hydralisk x10  
  154  9:47  Hatchery  
  153  9:53  Hydralisk  
  153  9:54  Hydralisk x2  
  153  9:56  Overlord  
  159  10:11  Hydralisk x12  
  183  10:23  Overseer  
  183  10:26  Hydralisk x4  
  183  10:28  Zerg Ground Armor Level 2  
  191  10:43  Extractor  
  191  10:44  Hatchery, Extractor  
  188  10:56  Hydralisk  
  188  10:57  Hydralisk x4  
  188  10:58  Overlord x2  
  188  11:04  Overlord x2  
  198  11:07  Hydralisk  
  200  12:00  Adaptive Talons  
  180  12:14  Lurker x3  
  180  12:15  Lurker x4  
  177  12:17  Hydralisk x3  
  177  12:18  Hydralisk  
  177  12:20  Lurker  
  177  12:21  Lurker  
  187  12:26  Drone x7  
  187  12:27  Drone  
  187  12:28  Drone x2  
  171  12:49  Hydralisk x6  
  171  12:50  Hydralisk x8  
  199  12:52  Zerg Missile Weapons Level 3  
  199  12:53  Zerg Ground Armor Level 3  
  199  12:57  Seismic Spines  
  199  13:01  Extractor x2  
  197  13:10  Hydralisk x8  
  191  13:17  Hydralisk x6  
  187  13:24  Lurker  
  186  13:30  Drone  
  186  13:31  Drone  
  188  13:42  Hatchery  
  188  13:43  Hatchery  
  188  13:48  Lurker x5  
  191  14:12  Lurker x5  
  191  14:13  Lurker  
  197  14:17  Hatchery  
  196  14:31  Spire  
  196  14:36  Lurker x3  
  196  14:37  Lurker  
  199  14:39  Lurker  
  200  15:45  Extractor  
  200  15:46  Extractor  
  190  16:07  Hydralisk x10  
  190  16:08  Hydralisk x4  
  182  16:33  Hydralisk x7  
  182  16:34  Hydralisk x2  
  176  17:02  Hydralisk x4  
  176  17:03  Hydralisk x14  
Tags
 
Add a new tag
Caveats
  • Supply blocks, unpowered buildings, or Contaminate may cause inaccurate times.
  • Supply counts are checked every 10 seconds.